 Dungeon Crawl Stone Soup version 0.17-a0-1210-g1e4f09d (webtiles) character file.

218 Sommunist the Charmwright (level 5, -2/36 HPs)
             Began as a High Elf Skald on June 5, 2015.
             Slain by Rhaen's ghost (13 damage)
             ... on level 3 of the Dungeon.
             The game lasted 00:23:10 (2448 turns).

Sommunist the Charmwright (High Elf Skald)          Turns: 2448, Time: 00:23:10

Health: -2/36      AC:  3    Str: 11    XL:     5   Next: 63%
Magic:  0/9        EV: 17    Int: 17    God:
Gold:   120        SH:  0    Dex: 14    Spells: 3 memorised, 2 levels left

rFire  . . .     SeeInvis .     e - +0 short sword (venom)
rCold  . . .     Clarity  .     b - +0 leather armour
rNeg   . . .     SustAt   .     (no shield)
rPois  .         Gourm    .     (no helmet)
rElec  .         Spirit   .     (no cloak)
rCorr  .         Warding  .     (no gloves)
rMut   .         Stasis   .     (no boots)
MR     .....                    (no amulet)
Stlth  +.........               (no ring)
                                j - +5 ring of evasion

@: infused, not resistant to hostile enchantments, very unstealthy
A: no striking features
a: no special abilities


You were on level 3 of the Dungeon.
You were not hungry.

You visited 1 branch of the dungeon, and saw 3 of its levels.

You collected 120 gold pieces.

Inventory:

Hand weapons
 a - a +0 short sword
 e - a +0 short sword of venom (weapon)
Armour
 b - a +0 leather armour (worn)
Jewellery
 j - a +5 ring of evasion (left hand)
Scrolls
 o - a scroll of remove curse {unknown}
Potions
 k - 2 potions of poison {unknown}
 l - a potion of haste {unknown}
 m - 2 potions of ambrosia {unknown}
 n - 2 potions of curing {unknown}
 p - a potion of agility {unknown}
Books
 c - a book of Battle

   Spells                             Type                      Level
   a - Infusion                       Charms                       1
   b - Shroud of Golubria             Charms/Translocation         2
   c - Song of Slaying                Charms                       2
   d - Spectral Weapon                Hexes/Charms                 3
   e - Regeneration                   Charms/Necromancy            3
Comestibles
 d - a bread ration
 f - 4 chunks of flesh
 h - 2 beef jerkies
 i - a meat ration


   Skills:
 + Level 3.1 Fighting
 * Level 4.3 Short Blades
 - Level 0.8 Armour
 + Level 2.5 Dodging
 - Level 2.4 Spellcasting
 * Level 5.4 Charms


You had 2 spell levels left.
You knew the following spells:

 Your Spells              Type           Power        Failure   Level  Hunger
a - Infusion              Chrm           ###...       2%          1    #......
b - Shroud of Golubria    Chrm/Tloc      ##........   14%         2    ##.....
c - Regeneration          Chrm/Necr      ##........   28%         3    ###....


Dungeon Overview and Level Annotations

Branches:
Dungeon (3/15)

Altars:
Ashenzari
Fedhas
Kikubaaqudgha
Nemelex Xobeh
Okawaru
Qazlal
Sif Muna
Zin

Annotations:
D:3 Rhaen's ghost, average NaFi


Message History

Rhaen's ghost is severely damaged.
Rhaen's ghost misses you.
You hit Rhaen's ghost but do no damage.
Rhaen's ghost is severely damaged.
Rhaen's ghost misses you.
You hit Rhaen's ghost.
Rhaen's ghost is severely damaged.
Rhaen's ghost hits you.
You hit Rhaen's ghost.
Rhaen's ghost is severely damaged.
You hit Rhaen's ghost.
Rhaen's ghost is severely damaged.
Rhaen's ghost closely misses you.
You hit Rhaen's ghost.
Rhaen's ghost is severely damaged.
Rhaen's ghost hits you!
You hit Rhaen's ghost.
Rhaen's ghost is almost destroyed.
Rhaen's ghost hits you!
You die...

##########
#####........###########
......)..........W...... ##
................@........##.####.
###..........##########..........
# #...............### #..........
# #.................###..........
# #.#...#.###.....#...#..........
......###.#.......+...+..........
###.#.....##....###...#..........
# #...###.##..#.###...#..........
#..............+.<)))##..##...


You could see Rhaen's ghost.

Vanquished Creatures
  2 orc priests (D:3)
  Terence (D:2)
  6 adders
  An ooze (D:3)
  2 worms (D:2)
  A giant gecko (D:2)
  9 orcs (D:3)
  A giant cockroach (D:1)
  10 hobgoblins
  4 jackals (D:2)
  5 kobolds
  A quokka (D:3)
  2 ball pythons
  5 bats
  4 giant newts
  5 goblins
  11 rats
70 creatures vanquished.

Notes
Turn   | Place    | Note
--------------------------------------------------------------
     0 | D:1      | Sommunist the High Elf Skald began the quest for the Orb.
     0 | D:1      | Reached XP level 1. HP: 14/14 MP: 4/4
   201 | D:1      | Reached XP level 2. HP: 19/19 MP: 1/6
   205 | D:1      | Learned a level 2 spell: Shroud of Golubria
   233 | D:1      | Reached skill level 4 in Charms
   953 | D:2      | You fall through a shaft!
   957 | D:3      | Reached XP level 3. HP: 23/25 MP: 7/7
  1305 | D:2      | Noticed Terence
  1313 | D:2      | Killed Terence
  1313 | D:2      | Reached XP level 4. HP: 18/30 MP: 4/8
  1320 | D:2      | Learned a level 3 spell: Regeneration
  1779 | D:2      | Found a shattered altar of Ashenzari.
  1782 | D:2      | Found an iron altar of Okawaru.
  1792 | D:2      | Found a glowing silver altar of Zin.
  1809 | D:2      | Found a stormy altar of Qazlal.
  1810 | D:2      | Found an ancient bone altar of Kikubaaqudgha.
  1811 | D:2      | Found a blossoming altar of Fedhas.
  1970 | D:3      | Reached skill level 5 in Charms
  2073 | D:3      | Reached XP level 5. HP: 31/36 MP: 2/9
  2261 | D:3      | Found a deep blue altar of Sif Muna.
  2261 | D:3      | Found a sparkling altar of Nemelex Xobeh.
  2412 | D:3      | Noticed Rhaen's ghost (average NaFi)
  2448 | D:3      | Slain by Rhaen's ghost

Vault maps used:
D:1:      kilobyte_arrival_exit_the_forest
D:2:      minitemple, uniq_terence
D:3:      amethyst_overflow_temple_binary

Action                   |  1- 3 |  4- 6 || total
-------------------------+-------+-------++-------
Melee: Short sword       |   113 |   135 ||   248
 Cast: Infusion          |     9 |     2 ||    11
       Shroud of Golubri |     3 |     8 ||    11
       Regeneration      |       |     5 ||     5
  Use: Potion            |     3 |     1 ||     4
       Scroll            |     3 |       ||     3
 Stab: Sleeping          |     1 |       ||     1
  Eat: Chunk             |     2 |     5 ||     7
